 Dungeon Crawl Stone Soup version 0.31-a0-1-g4198be8af4 (webtiles) character file.

Game seed: 7520027516966328208

135 Jeffwins the Grave Robber (level 5, -5/31 HPs)
             Began as an Octopode Necromancer on May 1, 2023.
             Slain by a gnoll
             ... wielding a +0 whip
              (7 damage)
             ... on level 3 of the Dungeon.
             The game lasted 00:03:26 (2338 turns).

Jeffwins the Grave Robber (Octopode Necromancer)    Turns: 2338, Time: 00:03:27

Health: -5/31      AC:  5    Str:  7    XL:     5   Next: 18%
Magic:  9/9        EV:  7    Int: 19    God:
Gold:   199        SH:  0    Dex: 13    Spells: 6/10 levels left

rFire   . . .        i - +1 trident
rCold   . . .        (no shield)
rNeg    . . .        (helmet restricted)
rPois   .            (no amulet)
rElec   .            O - +4 ring of protection
rCorr   .            (no ring)
SInv    .            (no ring)
Will    .....        (no ring)
Stlth   ++           (no ring)
HPRegen 0.25/turn    (no ring)
MPRegen 0.11/turn    (no ring)
                     (no ring)

%: no passive effects
@: brilliant, silenced, held
A: almost no armour, amphibious, 8 rings, camouflage 1, gelatinous body 1,
(nimble swimmer 1), tentacles
a: no special abilities


You were on level 3 of the Dungeon.
You visited 1 branch of the dungeon, and saw 3 of its levels.

You collected 199 gold pieces.


Innate Abilities, Weirdness & Mutations

You cannot wear most types of armour.
You are amphibious.
You can wear up to eight rings at the same time.
Your skin changes colour to match your surroundings (Stealth+).
Your rubbery body absorbs attacks. (AC +1, EV +1)
((You are camouflaged when in or above water. (Stealth+)))
You have tentacles for arms and can constrict up to eight enemies at once.


   Skills:
 + Level 2.8 Dodging
 + Level 3.6 Stealth
 * Level 3.0 Spellcasting
 * Level 4.7 Necromancy
 + Level 1.3 Evocations


You had 6 spell levels left.
You knew the following spells:

 Your Spells              Type           Power      Damage    Failure   Level
x - Vampiric Draining     Necr           31%        2d8       6%          3
z - Necrotise             Necr           100%       1d9       2%          1

Your spell library contained the following spells:

 Spells                   Type           Power      Damage    Failure   Level
 Animate Dead             Necr           31%        N/A       22%         4
 Agony                    Necr           31%        N/A       52%         5

Inventory:

Hand Weapons
 i - a +1 trident (weapon)
Missiles
 j - 6 poisoned darts
Jewellery
 G - an amulet of guardian spirit
 O - a +4 ring of protection (left tentacle)
Wands
 h - a wand of flame (30) (quivered)
Scrolls
 d - 2 scrolls of identify {@r1}
 f - a scroll of vulnerability {!r}
 m - 2 scrolls of immolation {!r}
Potions
 a - a potion of magic
 c - 3 potions of brilliance
 e - a potion of attraction {unknown}
 g - 2 potions of curing {unknown}
 k - a potion of lignification {unknown}
 l - a potion of heal wounds {unknown}

Dungeon Overview and Level Annotations

Branches:
Dungeon (3/15)

Altars:
The Shining One

Annotations:
D:3 1 transporter, osoart's ghost, amateur DrEE

#..≈≈▒..▒▒▒.▒▒▒..▒≈≈...#.# #.
#..≈≈▒...........▒≈≈...#.###.
#..≈≈▒▒▒.▒▒'▒▒.▒▒▒≈≈...#.....
#..≈≈..▒.▒..P▒.▒..≈≈..##...).
#..≈≈.▒▒.'...'g▒▒.≈≈..##.#.#.
#..≈≈.▒gg▒...▒.©▒.≈≈..##.#.#.
#..≈≈.▒▒g▒▒g▒▒.▒▒.≈≈..##.#.#.
#......▒.▒.gg▒.▒..≈≈.......#.
#.....©▒.'gg@g.▒©.~~.....###.
#......▒.▒8⌠8▒.▒..≈≈.........
#..≈≈.▒▒.▒▒▒▒▒.▒▒.≈≈..######.
#..≈≈.▒..▒ ▒..▒.≈≈..######.
#..≈≈.▒▒.▒.W. .▒▒.≈≈.#.......
#..≈≈..▒$▒$$$▒.▒..≈≈.#.'#####
#..≈≈▒▒▒.▒▒'▒▒.▒▒▒≈≈.#.#.....
#..≈≈▒.......g...▒≈≈.#.#.'░░░
#..≈≈▒..▒▒▒g▒▒▒.g▒≈≈...#.░...


You could see a gnoll bouda and 5 gnolls.


Message History

There is an escape hatch in the ceiling here.
You see here 2 scrolls of noise {!r}.
You enter the deep water.
You hear a shout!
You hear a shout! x2
There is a transporter here.
You enter the transporter and appear at another place.
As you read the scroll labelled GEFEJ KONYIBATH, it crumbles to dust.
It is a scroll of enchant weapon.
Your +0 trident glows red for a moment.
As you read the scroll labelled QUESEE SYRUAL, it crumbles to dust.
A profound silence engulfs you.
It was a scroll of silence.
The gnoll hits you with a +0 whip.
A nearby plant withers and dies.
The gnoll hits you with a +0 whip.
The gnoll throws a throwing net.
The throwing net hits you.
You become entangled in the net!
You see here a throwing net {=f}.
You tear a large gash into the net.
The gnoll hits you with a +0 whip. The gnoll hits you.
Unknown command.
It was a potion of brilliance.
You feel clever all of a sudden. The gnoll hits you with a +0 whip.
* * * LOW HITPOINT WARNING * * *
The gnoll hits you from afar with a +1 vampiric halberd!
* * * LOW HITPOINT WARNING * * *
The gnoll bouda barely misses you. The gnoll barely misses you.
You struggle against the net.
The gnoll barely misses you. The gnoll hits you with a +0 whip!
You die...

Skill      XL: |  1  2  3  4 |
---------------+-------------+-----
Stealth        | 3 |  3.6
Spellcasting   | 3 |  3.0
Evocations     | 1 |  1.3
Dodging        | |  2.8
Necromancy     | |  4.7

Action                     |  1- 3 |  4- 6 || total
---------------------------+-------+-------++-------
  Melee: Unarmed           |    53 |       ||    53
         Constrict         |    21 |     2 ||    23
         Tentacles         |    16 |     1 ||    17
         Trident           |    41 |    15 ||    56
         Punch             |     1 |       ||     1
   Cast: Necrotise         |     9 |       ||     9
  Evoke: Wand              |       |     6 ||     6
    Use: Scroll            |     3 |     2 ||     5
         Potion            |       |     1 ||     1
   Stab: Sleeping          |    11 |       ||    11
 Armour: Skin              |     7 |     3 ||    10
  Dodge: Dodged            |    61 |     8 ||    69

Levels and vault maps discovered:
D:1:      dpeg_arrival_tiny_i, layout_loops_ring, serial_forest,
          infiniplex_forest_clump_double, infiniplex_forest_end_2,
          infiniplex_forest_straight_2, infiniplex_forest_lined_ring
D:2:      layout_rooms
D:3:      layout_basic, mainiacjoe_overflow_catwalk,
          gammafunk_ghost_gnarly_gnolls, chequers_decorated_corner,
          minivault_11, minmay_hedge_maze

Notes
Turn   | Place    | Note
-------+----------+-------------------------------------------
     0 | D:1      | Jeffwins the Octopode Necromancer began the quest for the
                  | Orb.
     0 | D:1      | Reached XP level 1. HP: 11/11 MP: 3/3
   151 | D:1      | Reached XP level 2. HP: 17/17 MP: 0/5
   276 | D:1      | Reached skill level 3 in Stealth
  1036 | D:2      | Reached XP level 3. HP: 13/21 MP: 6/6
  1040 | D:2      | Learned a level 3 spell: Vampiric Draining
  1427 | D:3      | Found a glowing golden altar of the Shining One.
  1791 | D:3      | Reached XP level 4. HP: 27/27 MP: 7/7
  2003 | D:3      | Noticed a phantom
  2018 | D:3      | Killed a phantom
  2019 | D:3      | Reached skill level 3 in Spellcasting
  2019 | D:3      | Reached skill level 1 in Evocations
  2019 | D:3      | Reached XP level 5. HP: 16/31 MP: 9/9
  2102 | D:3      | Found a transporter.
  2128 | D:3      | Noticed osoart's ghost (amateur DrEE)
  2201 | D:3      | Found a transporter.
  2337 | D:3      | HP: 2/31 [gnoll/+1 vampiric halberd (10)]
  2338 | D:3      | Slain by a gnoll

Vanquished Creatures
  A phantom (D:3)
  An adder (D:2)
  A dart slug (D:1)
  An orc (D:3)
  6 endoplasms
  3 giant cockroaches (D:2)
  5 goblins
  3 hobgoblins
  2 quokkas (D:1)
  9 ball pythons
  3 bats
  A frilled lizard (D:3)
  3 kobolds
  A rat (D:2)
40 creatures vanquished.

Vanquished Creatures (collateral kills)
  A dart slug (D:1)
  A hobgoblin (D:2)
2 creatures vanquished.

Vanquished Creatures (others)
  6 plants
6 creatures vanquished.

Grand Total: 48 creatures vanquished

Table legend: (Time is in decaauts)
 A = Elapsed time spent in this place.
 B = Non-inter-level travel time spent in this place.
 C = Inter-level travel time spent in this place.
 D = Time resting spent in this place.
 E = Time spent auto-exploring this place.
 F = Levels seen in this place.
 G = Mean time per level.
                   A        B        C        D        E       F      G
               +--------+--------+--------+--------+--------+-----+--------+
         Total |   2353 |   2254 |     99 |     32 |   1840 |   3 |  784.3 |
       Dungeon |   2353 |   2254 |     99 |     32 |   1840 |   3 |  784.3 |
               +--------+--------+--------+--------+--------+-----+--------+

Top non-repeatable levels by time:
     D:3: 975 daAuts
     D:1: 829 daAuts
     D:2: 549 daAuts

Table legend:
 A = Non-vault XP
 B = Vault XP
 C = Vault XP percentage of total XP
 D = Non-vault monster count
 E = Vault monster count
 F = Vault count percentage of total count
                 A         B        C        D         E       F
            +---------+---------+-------+---------+---------+-------
      Total |     193 |       0 |   0.0 |      42 |       0 |   0.0
            +---------+---------+-------+---------+---------+-------
        D:1 |      22 |       0 |   0.0 |      10 |       0 |   0.0
        D:2 |      39 |       0 |   0.0 |      16 |       0 |   0.0
        D:3 |     132 |       0 |   0.0 |      16 |       0 |   0.0
            +---------+---------+-------+---------+---------+-------
